 Dungeon Crawl Stone Soup version 0.27-a0-1280-g9d2d252d84 (webtiles) character file.

Game seed: 11429130157728227246

1350 nghtshd the Digger (level 8, -4/43 HPs)
             Began as a Gargoyle Earth Elementalist on June 13, 2021.
             Slain by an orc warrior (12 damage)
             ... on level 6 of the Dungeon.
             The game lasted 00:12:22 (7052 turns).

nghtshd the Digger (Gargoyle Earth Elementalist)    Turns: 7052, Time: 00:12:23

Health: -4/43      AC: 12    Str: 12    XL:     8   Next: 63%
Magic:  10/16      EV: 12    Int: 16    God:
Gold:   240        SH:  0    Dex: 14    Spells: 9/18 levels left

rFire    + . .     SeeInvis .   i - +6 rapier "Heocwail" {vorpal, rF+ Dex+4}
rCold    . . .     Faith    .   (no shield)
rNeg     + . .     Spirit   .   c - +0 robe
rPois    ∞         Reflect  .   (helmet restricted)
rElec    +         Harm     .   q - +1 cloak
rCorr    .         Rampage  .   h - +2 pair of gloves
Will     .....                  (no boots)
Stlth    ++........             (no amulet)
HPRegen  0.14/turn              (no ring)
MPRegen  0.15/turn              (no ring)

@: no status effects
A: sickness immunity, AC +5, negative energy resistance 1, electricity
resistance, torment resistance 1, petrification resistance, antennae 1, claws 1,
dopey 1, sense surroundings 1, evolution 1
a: no special abilities


You were on level 6 of the Dungeon.
You visited 1 branch of the dungeon, and saw 6 of its levels.

You collected 240 gold pieces.

Inventory:

Hand Weapons
 d - a +0 flail
 i - the +6 rapier "Heocwail" (weapon) {vorpal, rF+ Dex+4}
   (You found it on level 4 of the Dungeon)

   It inflicts extra damage upon your enemies.
   It affects your dexterity (+4).
   It protects you from fire.
 o - a +1 dagger of venom
Missiles
 b - 47 stones
Armour
 c - a +0 robe (worn)
 h - a +2 pair of gloves (worn)
 l - a +1 helmet
 q - a +1 cloak (worn)
Magical Staves
 a - a staff of cold
Jewellery
 u - a ring of fire
Wands
 g - a wand of paralysis (9)
Scrolls
 f - a scroll of blinking
 s - a scroll of enchant weapon
Potions
 e - 2 potions of ambrosia
 j - a potion of invisibility {unknown}
 k - 2 potions of flight
 m - 3 potions of curing
 n - 2 potions of magic
 p - a potion of brilliance {unknown}
 r - a potion of cancellation {unknown}
 t - a potion of lignification {unknown}


   Skills:
 + Level 1.1 Fighting
 + Level 0.9 Maces & Flails
 + Level 1.1 Armour
 + Level 1.9 Dodging
 - Level 2.1 Stealth
 + Level 5.6 Spellcasting
 + Level 5.7 Conjurations
 - Level 0.7 Transmutations
 + Level 7.8 Earth Magic
 + Level 0.8 Evocations


You had 9 spell levels left.
You knew the following spells:

 Your Spells              Type           Power      Damage    Failure   Level
a - Sandblast             Erth           58%        2d13      1%          1
b - Stone Arrow           Conj/Erth      52%        3d10      2%          3
c - Lee's Rapid Deconstr  Erth           14%        3d10*     16%         5

Your spell library contained the following spells:

 Spells                   Type           Power      Damage    Failure   Level
 Passwall                 Tmut/Erth      15%        N/A       3%          2
 Animate Skeleton         Necr           8%         N/A       14%         1
 Pain                     Necr           16%        1d4       14%         1
 Petrify                  Tmut/Erth      18%        N/A       24%         4
 Confusing Touch          Hex            4%         N/A       41%         3
 Gell's Gravitas          Tloc           2%         N/A       41%         3
 Vampiric Draining        Necr           2%         2d6       41%         3
 Animate Dead             Necr           2%         N/A       82%         4
 Yara's Violent Unravell  Hex/Tmut       2%         3d3       98%         5
 Agony                    Necr           4%         N/A       99%         5
 Metabolic Englaciation   Hex/Ice        2%         N/A       99%         5


Dungeon Overview and Level Annotations

Branches:
Dungeon (6/15)
 Temple: D:4-7

Altars:
Fedhas
Makhleb
Nemelex Xobeh
Trog

Annotations:
D:5 1 runed translucent door


Innate Abilities, Weirdness & Mutations

You are immune to sickness and miasma.
Your stone body is resilient. (AC +5)
You are immune to poison.
You resist negative energy. (rN+)
You are resistant to electric shocks. (rElec)
You are resistant to unholy torment.
You are immune to petrification.
You have a pair of small antennae on your head.
You have sharp fingernails.
You are dopey. (Int -2)
You passively map a small area around you.
You evolve.


Message History

An orc warrior comes into view. It is wielding a +0 long sword.
Found a stone staircase leading down.
The helpless orc fails to defend itself.
You puncture the orc!
You kill the orc!
An orc priest comes into view. It is wielding a +0 flail.
Things that are here:
a +0 flail; a +0 scale mail The helpless orc warrior fails to defend itself.
You hit the orc warrior.
The orc warrior is lightly wounded.
The orc warrior hits you with a +0 long sword!
The orc priest shouts!
You hit the orc warrior but do no damage.
The orc warrior is lightly wounded.
The orc warrior hits you with a +0 long sword. x2
You hit the orc warrior.
The orc warrior is lightly wounded.
The orc warrior closely misses you.
You hit the orc warrior.
The orc warrior is heavily wounded.
The orc warrior hits you with a +0 long sword!
Casting: Sandblast (safe; 1% risk of failure)
Confirm with . or Enter, or press ? or * to list all spells.
Aiming: Stone Arrow (dangerous; 2% risk of failure)
Press: ? - help, Shift-Dir - straight line, f - orc warrior
Aim: an orc warrior, wielding a +0 long sword and wearing a +0 plate armour (heavily wounded, 71% to hit)
The stone arrow hits the orc warrior!
The orc warrior is severely wounded.
The orc warrior hits you with a +0 long sword!
* * * LOW HITPOINT WARNING * * *
Casting: Stone Arrow (dangerous; 2% risk of failure)
Confirm with . or Enter, or press ? or * to list all spells.
Aiming: Stone Arrow (dangerous; 2% risk of failure)
Press: ? - help, Shift-Dir - straight line, f/p - orc warrior
Aim: an orc warrior, wielding a +0 long sword and wearing a +0 plate armour (severely wounded, 71% to hit)
The stone arrow misses the orc warrior.
The stone arrow hits the orc priest!
The orc priest is severely wounded.
The orc warrior hits you with a +0 long sword!
You die...

, ,* * *,
, ### ,, ,
* * .., ,
, , ,
,,..###
.#.## ,, ,
,, ,.o. ,*
,*,#o#*, ,
* , ,,
,#@# ,,
####)####*
*
#.......#
,
#.>###..#
#.. #..# ,
#..###..#
#.#.<.#.#
#........#
*
#..##.#..#


You could see an orc warrior and an orc priest.

Vanquished Creatures
  The ghost of Johnny the Magician, a novice DEEE (D:5)
  A water moccasin (D:5)
  An ice beast (D:5)
  An ogre (D:4)
  A phantom (D:4)
  A bullfrog (D:6)
  A scorpion (D:4)
  4 wights (D:5)
  2 jellies
  A centaur skeleton (D:5)
  2 iguanas
  An orc wizard (D:3)
  A howler monkey skeleton (D:4)
  4 adders
  A river rat (D:5)
  A white imp (D:5)
  An ufetubus (D:5)
  4 worms
  5 dart slugs
  15 orcs
  7 ball pythons
  8 endoplasms
  2 giant cockroaches
  4 goblins
  4 hobgoblins
  6 jackals
  8 kobolds
  6 quokkas
  A bat (D:1)
  5 frilled lizards
  8 rats
108 creatures vanquished.

Notes
Turn   | Place    | Note
-------+----------+-------------------------------------------
     0 | D:1      | nghtshd the Gargoyle Earth Elementalist began the quest for
                  | the Orb.
     0 | D:1      | Reached XP level 1. HP: 10/10 MP: 3/3
   701 | D:1      | Reached XP level 2. HP: 15/15 MP: 5/5
   705 | D:1      | Reached skill level 4 in Earth Magic
  1373 | D:1      | Reached XP level 3. HP: 10/19 MP: 2/6
  1377 | D:1      | Learned a level 3 spell: Stone Arrow
  1806 | D:2      | Found a faded altar of an unknown god.
  2060 | D:2      | Reached skill level 1 in Conjurations
  2060 | D:2      | Reached XP level 4. HP: 24/24 MP: 6/8
  3079 | D:3      | Reached skill level 5 in Earth Magic
  3081 | D:3      | Reached XP level 5. HP: 28/28 MP: 9/9
  3099 | D:3      | Learned a level 5 spell: Lee's Rapid Deconstruction
  3562 | D:3      | Found a blossoming altar of Fedhas.
  3864 | D:3      | You fall into a shaft and drop 1 floor!
  4495 | D:4      | Reached XP level 6. HP: 32/32 MP: 4/11
  4620 | D:4      | Identified the +6 rapier "Heocwail" {vorpal, rF+ Dex+4}
  4780 | D:4      | Reached skill level 6 in Earth Magic
  5053 | D:4      | Reached XP level 7. HP: 36/36 MP: 6/13
  5178 | D:5      | Entered Level 5 of the Dungeon
  5207 | D:5      | Found a runed translucent door.
  5217 | D:5      | Noticed Johnny's ghost (novice DEEE)
  5419 | D:5      | Found a sparkling altar of Nemelex Xobeh.
  5435 | D:5      | Gained mutation: You are frail. (-10% HP) [potion of
                  | mutation]
  5435 | D:5      | Gained mutation: Your movements are slightly less
                  | encumbered by armour. (ER -2) [potion of mutation]
  5436 | D:5      | Lost mutation: Your movements are slightly less encumbered
                  | by armour. (ER -2) [potion of mutation]
  5436 | D:5      | Lost mutation: You are frail. (-10% HP) [potion of
                  | mutation]
  5436 | D:5      | Gained mutation: You are weak. (Str -2) [potion of
                  | mutation]
  5436 | D:5      | Gained mutation: Your mind is acute. (Int +2) [potion of
                  | mutation]
  5437 | D:5      | Lost mutation: You are weak. (Str -2) [potion of mutation]
  5437 | D:5      | Lost mutation: Your mind is acute. (Int +2) [potion of
                  | mutation]
  5437 | D:5      | Gained mutation: You passively map a small area around you.
                  | [potion of mutation]
  5437 | D:5      | Gained mutation: You evolve. [potion of mutation]
  5437 | D:5      | Gained mutation: You are dopey. (Int -2) [potion of
                  | mutation]
  5437 | D:5      | Gained mutation: You have sharp fingernails. [potion of
                  | mutation]
  5502 | D:5      | Found a runed translucent door.
  5586 | D:5      | Killed Johnny's ghost
  5587 | D:5      | Reached skill level 5 in Spellcasting
  5587 | D:5      | Reached skill level 5 in Conjurations
  5587 | D:5      | Reached skill level 7 in Earth Magic
  5587 | D:5      | Reached XP level 8. HP: 18/41 MP: 0/15
  6597 | D:5      | Found a burning altar of Makhleb.
  6598 | D:5      | Noticed a blizzard demon
  6696 | D:5      | Reached skill level 1 in Armour
  6701 | D:5      | Found a bloodstained altar of Trog.
  7033 | D:6      | Reached skill level 1 in Fighting
  7042 | D:6      | Gained mutation: You have a pair of small antennae on your
                  | head. [evolution]
  7052 | D:6      | Slain by an orc warrior

Illustrated notes

Levels and vault maps discovered:
D:1:      nagdon_arrival_double_spiral, layout_basic, feat_on_display
D:2:      layout_loops_cross, shapermc_ecumenical_altar_venn
D:3:      layout_basic, lemuel_tele_altar, serial_corexii_hall,
          corexii_hall_statues_s, chequers_hall_statues_wall_a,
          corexii_hall_statues_t, corexii_hall_statues_l
D:4:      layout_loops_ring, chequers_mini_garden
D:5:      layout_basic, makhleb_altar_promises_db,
          nemelex_xobeh_ov_fountains_minmay, marbit_many_paths,
          ebering_ghost_sewer_f
D:6:      layout_loops_cross, nicolae_tso_besieged_by_evil,
          minmay_temple_entry_overgrown, chequers_serial_rivers_micro_a,
          sigmund_army

Skill      XL: |  1  2  3  4  5  6  7  8 |
---------------+-------------------------+-----
Earth Magic    | 4 5 6 7 |  7.8
Spellcasting   | 3 4 5 |  5.6
Conjurations   | 1 2 3 5 |  5.7
Armour         | 1 |  1.1
Fighting       | 1 |  1.1
Maces & Flails | |  0.9
Dodging        | |  1.9
Stealth        | |  2.1
Transmutations | |  0.7
Evocations     | |  0.8

Action                   |  1- 3 |  4- 6 |  7- 9 || total
-------------------------+-------+-------+-------++-------
Melee: Falchion          |     8 |       |       ||     8
       Staff             |     8 |       |       ||     8
       Short sword       |   113 |    25 |       ||   138
       Dagger            |       |   151 |       ||   151
       Rapier            |       |    29 |    58 ||    87
 Cast: Sandblast         |    11 |     4 |    11 ||    26
       Stone Arrow       |       |     4 |     7 ||    11
       Lee's Rapid Decon |       |       |     1 ||     1
  Use: Scroll            |       |    11 |     5 ||    16
       Potion            |       |       |     4 ||     4
 Stab: Sleeping          |     5 |     7 |     5 ||    17
       Distracted        |       |     1 |       ||     1
Armor: Robe              |    54 |    71 |    36 ||   161
Dodge: Dodged            |    71 |    89 |    38 ||   198
       Rpst.: Falchion   |     4 |       |       ||     4

Table legend: (Time is in decaauts)
 A = Elapsed time spent in this place.
 B = Non-inter-level travel time spent in this place.
 C = Inter-level travel time spent in this place.
 D = Time resting spent in this place.
 E = Time spent auto-exploring this place.
 F = Levels seen in this place.
 G = Mean time per level.
                   A        B        C        D        E       F      G
               +--------+--------+--------+--------+--------+-----+--------+
         Total |   7088 |   6893 |    195 |    186 |   5567 |   6 | 1181.3 |
       Dungeon |   7088 |   6893 |    195 |    186 |   5567 |   6 | 1181.3 |
               +--------+--------+--------+--------+--------+-----+--------+

Top non-repeatable levels by time:
     D:5: 1866 daAuts
     D:1: 1812 daAuts
     D:2: 1192 daAuts
     D:3: 1164 daAuts
     D:4: 1029 daAuts
     D:6: 23 daAuts
